 Dungeon Crawl Stone Soup version 0.22.0-2-ge58baed (webtiles) character file.

175 rgaf the Chopper (level 5, -8/45 HPs)
             Began as a Ghoul Monk on Aug 12, 2018.
             Killed by divine providence
             ... invoked by an orc priest
              (11 damage)
             ... on level 4 of the Dungeon.
             The game lasted 00:02:07 (3441 turns).

rgaf the Chopper (Ghoul Monk)                       Turns: 3441, Time: 00:02:07

Health: -8/45      AC:  8    Str: 16    XL:     5   Next: 55%
Magic:  4/4        EV:  7    Int:  5    God:
Gold:   186        SH:  0    Dex: 11    Spells: 4/4 levels left

rFire    . . .     SeeInvis .   a - +0 hand axe
rCold    + . .     Gourm    .   (no shield)
rNeg     + + +     Faith    .   o - +0 chain mail
rPois    ∞         Spirit   .   (no helmet)
rElec    .         Reflect  .   (no cloak)
rCorr    .         Harm     .   (no gloves)
MR       .....                  (no boots)
Stlth    ..........             (no amulet)
HPRegen  0.00/turn              (no ring)
MPRegen  0.09/turn              (no ring)

@: rotting
A: rotting body, claws 1, carnivore, cold resistance 1, negative energy
resistance 3, inhibited regeneration, torment resistance, unbreathing
a: no special abilities


You were on level 4 of the Dungeon.
You were not hungry.

You visited 1 branch of the dungeon, and saw 4 of its levels.

You collected 186 gold pieces.

Inventory:

Hand Weapons
 a - a +0 hand axe (weapon)
Armour
 b - a +0 robe
 m - a +0 scale mail
 o - a +0 chain mail (worn)
Scrolls
 g - 2 scrolls of magic mapping
 h - 2 scrolls of identify {unknown}
 j - 2 scrolls of fear {unknown}
 k - 2 scrolls of blinking {unknown}
 q - a scroll of immolation {unknown}
 s - a scroll of enchant weapon {unknown}
 u - a scroll of fog {unknown}
Potions
 d - a potion of mutation {unknown}
 i - a potion of degeneration {unknown}
 l - a potion of cancellation {unknown}
 n - a potion of might {unknown}
 p - a potion of invisibility {unknown}
 t - a potion of curing {unknown}
Comestibles
 e - 8 rations
 r - a chunk of flesh


   Skills:
 - Level 3.2 Fighting
 + Level 5.5 Axes
 - Level 2.6 Dodging
 - Level 2.1 Stealth


You had 4 spell levels left.
You didn't know any spells.
Your spell library was empty.

Dungeon Overview and Level Annotations

Branches:
Dungeon (4/15)             Temple (0/1) D:4

Altars:
Elyvilon
Xom

Annotations:
D:4 Dowan, Duvessa


Innate Abilities, Weirdness & Mutations

Your body is rotting away.
You thrive on raw meat.
You are immune to poison.
You have sharp fingernails.
You are carnivorous and can eat meat at any time.
Your flesh is cold resistant. (rC+)
You are immune to negative energy. (rN+++)
You do not regenerate when monsters are visible.
You are immune to unholy pain and torment.
You can survive without breathing.


Message History

You feel aware of your surroundings.
You sensed 3 altars.
It was a scroll of magic mapping.
You hear some strange, mumbled words.
A magic dart appears from out of thin air!
The magic dart hits you! Duvessa hits you but does no damage.
The orc priest hits you but does no damage.
The orc hits you with a short sword.
* * * LOW HITPOINT WARNING * * *
Okay, then.
As you read the scroll labeled CAITU NARYT, it crumbles to dust.
You feel blessed for a moment.
It was a scroll of remove curse.
Something hits you.
* * * LOW HITPOINT WARNING * * *
Dowan, Brother of Duvessa comes into view.
He is wielding a dagger of venom.
Duvessa hits you but does no damage. Something hits you but does no damage.
The orc hits you but does no damage. The orc priest barely misses you.
Dowan shouts!
The orc priest mumbles some strange prayers to Beogh against you.
Beogh smites you!
You die...

***,,,,**,,,,,,,,,**,
*,+,,,,*>,,,,,,,,,8*,
*,*,,,,**,,,,,,,,,**,
*,*,,,,**8,,,8,,,8*** ***
*****,,,,,,****8***_****, ,,*
*,,,,,***+** *********** ,,*
*,*##+###+### *,,,,,,,
,,*******,*#........#### *,,,,,*,
,,,,,,,,,,,+..o.@......# *,,,,**,
,,,******,##...o.......#**,,,***+
,,,,,****,#.)..e.......#,,,,,,,,,
,,,,,,.>..........#....#,**,,,,,,
,***,*###.#.......#.##.#,**,,,,,,
,,,*,* #,#...###.#,#*,.,,,,,,,**
,,,,,* *..e...,,.#,,,**,,,,,,,*
,*,*** ###.###**##**+**,,,,,,,*
,,,** #.,,,,,,**,,,,,,**,,,**


You could see Duvessa, Dowan, an orc priest and an orc.

Vanquished Creatures
  Terence (D:3)
  6 adders (D:2)
  4 worms (D:2)
  2 dart slugs (D:1)
  A leopard gecko (D:2)
  12 orcs
  3 giant cockroaches
  7 hobgoblins
  A quokka (D:2)
  6 bats
  2 frilled lizards
  10 goblins
  4 kobolds
  11 rats
70 creatures vanquished.

Notes
Turn   | Place    | Note
-------+----------+-------------------------------------------
     0 | D:1      | rgaf the Ghoul Monk began the quest for the Orb.
     0 | D:1      | Reached XP level 1. HP: 19/19 MP: 0/0
   125 | D:1      | Reached skill level 3 in Axes
   385 | D:1      | Found a shimmering altar of Xom.
   399 | D:1      | Reached XP level 2. HP: 26/26 MP: 1/1
   775 | D:1      | Reached XP level 3. HP: 22/31 MP: 2/2
  1136 | D:2      | Found a white marble altar of Elyvilon.
  1199 | D:2      | Reached skill level 4 in Axes
  1587 | D:2      | Reached XP level 4. HP: 20/38 MP: 3/3
  2583 | D:2      | Reached skill level 5 in Axes
  2583 | D:2      | Reached XP level 5. HP: 37/45 MP: 4/4
  2781 | D:3      | Noticed Terence
  2802 | D:3      | Killed Terence
  3430 | D:4      | Noticed Duvessa
  3440 | D:4      | Noticed Dowan
  3441 | D:4      | Killed from afar by an orc priest

Skill      XL: |  1  2  3  4 |
---------------+-------------+-----
Axes           | 3 4 5 |  5.5
Fighting       | |  3.2
Dodging        | |  2.6
Stealth        | |  2.1

Action                   |  1- 3 |  4- 6 || total
-------------------------+-------+-------++-------
Melee: Hand axe          |   128 |   139 ||   267
  Use: Scroll            |       |     2 ||     2
       Potion            |       |     1 ||     1
 Stab: Sleeping          |     5 |       ||     5
  Eat: Chunk             |     3 |     5 ||     8
Armor: Robe              |    15 |       ||    15
       Scale mail        |    18 |    29 ||    47
       Chain mail        |       |    33 ||    33
Dodge: Dodged            |    71 |    63 ||   134
